 Dungeon Crawl Stone Soup version 0.31.0-32-g396128a36d (webtiles) character file.

Game seed: 7595060953700571534

1963 Peloso the Carver (level 9, -3/78 HPs)
             Began as a Minotaur Fighter on Mar 27, 2024.
             Slain by a troll (6 damage)
             ... on level 6 of the Dungeon.
             The game lasted 00:07:37 (5365 turns).

Peloso the Carver (Minotaur Fighter)                Turns: 5365, Time: 00:07:38

Health: -3/78      AC: 11    Str: 21    XL:     9   Next: 0%
Magic:  8/8        EV:  9    Int:  5    God:
Gold:   397        SH:  6    Dex: 20    Spells: 8/8 levels left

rFire   . . .        a - +0 long sword
rCold   . . .        d - +0 buckler
rNeg    . . .        c - +1 chain mail
rPois   +            (helmet restricted)
rElec   .            (no cloak)
rCorr   .            (no gloves)
SInv    .            (no boots)
Will    .....        (no amulet) Stlth
                     i - ring of poison resistance
HPRegen 0.33/turn    l - +6 ring of dexterity
MPRegen 0.11/turn

%: no passive effects
@: no status effects
A: horns 2, retaliatory headbutt
a: no special abilities


You were on level 6 of the Dungeon.
You visited 1 branch of the dungeon, and saw 6 of its levels.

You collected 397 gold pieces.

Inventory:

Hand Weapons
 a - a +0 long sword (weapon)
 b - a +1 whip of flaming
Missiles
 k - a throwing net (quivered)
Armour
 c - a +1 chain mail (worn)
 d - a +0 buckler (worn)
Jewellery
 i - a ring of poison resistance (left hand)
 l - a +6 ring of dexterity (right hand)
 o - a ring of flight
 t - a ring of magical power
 v - a ring of protection from fire
Talismans
 u - a flux talisman
Scrolls
 f - a scroll of amnesia
 j - 2 scrolls of identify {unknown}
 n - 2 scrolls of teleportation
 p - a scroll of butterflies {unknown}
 r - a scroll of enchant weapon {unknown}
 s - 2 scrolls of enchant armour
Potions
 e - 2 potions of might
 g - a potion of berserk rage {unknown}
 h - a potion of attraction {unknown}
 m - 2 potions of heal wounds {unknown}
 q - 2 potions of brilliance {unknown}


   Skills:
 + Level 6.9 Fighting
 + Level 9.9 Long Blades
 + Level 7.4 Armour
 + Level 2.9 Dodging
 + Level 0.8 Stealth
 + Level 5.0 Shields


You had 8 spell levels left.
You didn't know any spells.
Your spell library contained the following spells:

 Spells                   Type           Power      Damage    Failure   Level
 Magic Dart               Conj           0%         1d3       98%         1
 Searing Ray              Conj           0%         2d4       99%         2
 Gell's Gravitas          Tloc           0%         N/A       100%        3
 Teleport Other           Tloc           0%         N/A       100%        3
 Anguish                  Hex/Necr       0%         N/A       100%        4
 Cause Fear               Hex            0%         N/A       100%        4
 Fulminant Prism          Conj/Alch      0%         3d5       100%        4
 Alistair's Intoxication  Alch           0%         N/A       100%        5
 Borgnjor's Vile Clutch   Necr/Erth      0%         N/A       100%        5
 Dispersal                Tloc           0%         N/A       100%        6
 Eringya's Noxious Bog    Alch           0%         4d6       100%        6
 Enfeeble                 Hex            0%         N/A       100%        7


Dungeon Overview and Level Annotations

Branches:
Dungeon (6/15)
 Temple: D:4-7

Altars:
Ashenzari
Hepliaklqana
Qazlal
Vehumet

Shops:
D:5 *   D:6 :(

Annotations:
D:2 1 runed translucent door, Crazy Yiuf


Innate Abilities, Weirdness & Mutations

You have a pair of horns on your head.
You reflexively headbutt those who attack you in melee.


Message History

The troll is heavily wounded.
The troll bites you but does no damage. The troll claws you but does no damage.
The troll claws you.
You hit the troll. Your headbutt misses the troll.
The troll is heavily wounded.
The troll bites you but does no damage. The troll claws you. x2
You slash the troll!
You headbutt the troll, but do no damage.
The troll is almost dead.
The troll bites you. You block the troll's attack. x2
You closely miss the troll.
The troll is severely wounded.
The troll bites you!
* * * LOW HITPOINT WARNING * * *
The troll claws you but does no damage. x2
You closely miss the troll.
The troll is severely wounded.
You block the troll's attack. The troll barely misses you. The troll claws you.
* * * LOW HITPOINT WARNING * * *
You closely miss the troll.
The troll is severely wounded.
The troll misses you. You furiously retaliate!
You headbutt the troll, but do no damage.
The troll barely misses you. x2
You hit the troll but do no damage. You headbutt the troll.
The troll is severely wounded.
The troll bites you but does no damage. The troll claws you but does no damage.
The troll barely misses you.
You hit the troll.
You headbutt the troll, but do no damage.
The troll is almost dead.
You block the troll's attack. The troll claws you.
* * * LOW HITPOINT WARNING * * *
The troll closely misses you.
You hit the troll. Your headbutt misses the troll.
The troll is almost dead.
You block the troll's attack. The troll claws you.
* * * LOW HITPOINT WARNING * * *
The troll claws you.
You die...

### #.#######
..#........
###.#.#######
#######.#.#.#
#.@.....#.#.#
#T#####.#.#.# #.
#.#.#.### #.
#.#.#.#.# #.
#.....#.##### #.
###.###..)... #.
#..........
#.#########........
#^........#+####.##


You could see a troll.

Vanquished Creatures
  Pikel (D:4)
  A steam dragon (D:6)
  An ice beast (D:6)
  2 black bears
  An ogre (D:5)
  A phantom (D:5)
  Blork the orc (D:4)
  A kobold brigand (D:6)
  A scorpion (D:5)
  A gnoll sergeant (D:5)
  3 jellies
  A hound (D:6)
  3 orc priests
  A bombardier beetle (D:5)
  An iguana (D:5)
  2 sleepcaps (D:6)
  5 orc wizards
  Robin (D:2)
  8 gnolls
  6 adders
  A white imp (D:6)
  5 dart slugs
  7 orcs
  4 bats
  8 endoplasms
  15 goblins
  10 hobgoblins
  6 jackals
  12 kobolds
  5 quokkas
  7 ball pythons
  2 frilled lizards
  4 rats
128 creatures vanquished.

Notes
Turn   | Place    | Note
-------+----------+-------------------------------------------
     0 | D:1      | Peloso the Minotaur Fighter began the quest for the Orb.
     0 | D:1      | Reached XP level 1. HP: 19/19 MP: 0/0
   113 | D:1      | Reached XP level 2. HP: 24/27 MP: 1/1
   152 | D:1      | Reached skill level 3 in Long Blades
   347 | D:1      | Reached XP level 3. HP: 33/33 MP: 2/2
   941 | D:2      | Noticed Robin
   962 | D:2      | Killed Robin
   963 | D:2      | Reached skill level 4 in Long Blades
   963 | D:2      | Reached XP level 4. HP: 36/40 MP: 3/3
  1100 | D:2      | Found a faded altar of an unknown god.
  1330 | D:2      | Found a runed translucent door.
  1331 | D:2      | Noticed Crazy Yiuf
  1516 | D:3      | Reached skill level 1 in Dodging
  1521 | D:3      | Reached skill level 5 in Long Blades
  1521 | D:3      | Reached XP level 5. HP: 34/46 MP: 4/4
  2320 | D:4      | Noticed a black bear
  2324 | D:4      | Killed a black bear
  2325 | D:4      | Reached skill level 6 in Long Blades
  2325 | D:4      | Reached XP level 6. HP: 48/53 MP: 5/5
  2393 | D:4      | Noticed Blork the orc
  2408 | D:4      | Killed Blork the orc
  2762 | D:4      | Found a radiant altar of Vehumet.
  3014 | D:4      | Found a hazy altar of Hepliaklqana.
  3014 | D:4      | Found a broken altar of Ashenzari.
  3093 | D:5      | Entered Level 5 of the Dungeon
  3093 | D:5      | Noticed Pikel
  3109 | D:4      | Killed Pikel
  3110 | D:4      | Reached skill level 5 in Fighting
  3110 | D:4      | Reached skill level 7 in Long Blades
  3110 | D:4      | Reached skill level 5 in Armour
  3110 | D:4      | Reached XP level 7. HP: 27/61 MP: 6/6
  3234 | D:5      | Reached skill level 8 in Long Blades
  3285 | D:5      | Reached XP level 8. HP: 59/69 MP: 7/7
  3735 | D:5      | Found Vyre's Assorted Antiques.
  3758 | D:5      | Found a stormy altar of Qazlal.
  4029 | D:5      | Reached skill level 9 in Long Blades
  4456 | D:6      | Found Xiaveyf Lesa's Weapon Shoppe.
  4931 | D:6      | Reached skill level 5 in Shields
  5099 | D:6      | Found Jeh Rum's Tiny Tomes.
  5222 | D:6      | Reached XP level 9. HP: 72/78 MP: 8/8
  5352 | D:6      | Noticed a troll
  5365 | D:6      | HP: 3/78 [troll (5)]
  5365 | D:6      | Slain by a troll

Illustrated notes

Levels and vault maps discovered:
D:1:      evilmike_arrival_plus, layout_basic
D:2:      layout_rooms, chequers_ecumenical_altar_simple, uniq_robin,
          uniq_crazy_yiuf_cottage
D:3:      layout_loops_ring
D:4:      layout_loops_ring, nicolae_vehumet_radiance,
          gammafunk_temple_overflow_wave, uniq_blork_the_orc
D:5:      layout_loops_corners, nicolae_qazlal_eye_of_the_storm, serial_shops,
          nicolae_shop_stone, hangedman_decor_peaks_small, uniq_pikel
D:6:      layout_basic, serial_shops, nicolae_shop_rolling_square,
          amcnicky_mini_rare_corridor_liquid, hangedman_glass_teeth,
          nicolae_shop_i_like_small_books_too, minmay_statues_item

Skill      XL: |  1  2  3  4  5  6  7  8 |
---------------+-------------------------+-----
Long Blades    | 3 4 5 6 7 8 9 |  9.9
Shields        | 4 5 |  5.0
Armour         | 4 5 7 |  7.4
Fighting       | 4 5 6 |  6.9
Dodging        | 1 2 |  2.9
Stealth        | |  0.8

Action                     |  1- 3 |  4- 6 |  7- 9 || total
---------------------------+-------+-------+-------++-------
  Melee: Long sword        |    79 |   156 |   124 ||   359
         Headbutt          |    11 |    20 |    31 ||    62
    Use: Scroll            |     2 |     3 |       ||     5
         Potion            |     2 |       |       ||     2
 Armour: Scale mail        |    47 |       |       ||    47
         Chain mail        |    11 |   136 |   106 ||   253
  Dodge: Dodged            |    31 |    50 |    58 ||   139
  Block: Buckler           |    22 |    28 |    36 ||    86
